 Dungeon Crawl Stone Soup version 0.30.0-19-g36f170ea60 (webtiles) character file.

Game seed: 10651203534200442506

128538 cheesebisquit the Evangelist (level 17, -9/159 HPs)
             Began as a Hill Orc Monk on May 28, 2023.
             Was an Elder of Beogh.
             Mangled by a naga mage
             ... wielding a +2 halberd of venom
              (20 damage)
             ... on level 4 of the Snake Pit on May 29, 2023.
             The game lasted 03:11:44 (35858 turns).

cheesebisquit the Evangelist (Hill Orc Monk)       Turns: 35858, Time: 03:11:45

Health: -9/159     AC: 28    Str: 32    XL:     17   Next: 3%
Magic:  29/29      EV: 10    Int: 14    God:    Beogh [****..]
Gold:   603        SH:  0    Dex: 13    Spells: 16/16 levels left

rFire   . . .        a - +9 hand axe of Wiklia {protect, Will+ Str+2}
rCold   + . .        F - +2 tower shield {rC+}
rNeg    . . .        J - +1 plate armour
rPois   .            P - +2 helmet {SInv}
rElec   .            v - +1 cloak
rCorr   .            Z - +2 pair of gloves {hurl}
SInv    +            B - +1 pair of boots
Will    ++...        L - amulet of regeneration Stlth
                     h - +6 ring of strength
HPRegen 1.26/turn    d - +6 ring of strength
MPRegen 0.21/turn

%: no passive effects
@: confused, lethally poisoned (-9 -> -13), ambrosia-drunk, slowed, studying
Invocations, recalling, very slow
A: no striking features
a: Renounce Religion, Smiting, Stop Recall


You were on level 4 of the Snake Pit.
You worshipped Beogh.
Beogh was greatly pleased with you.
You visited 5 branches of the dungeon, and saw 27 of its levels.
You also visited: Bailey, Gauntlet and Ice Cave.

You collected 2692 gold pieces.
You spent 2089 gold pieces at shops.

Inventory:

Hand Weapons
 a - the +9 hand axe of Wiklia (weapon) {protect, Will+ Str+2}
   (You took it off an orc on level 5 of the Dungeon)

   Str:       It affects your strength (+2).
   Will:      It increases your willpower.
 b - a +3 morningstar of venom
 c - a +5 battleaxe of electrocution
 k - a +1 antimagic longbow
Missiles
 z - 24 poisoned darts (quivered)
 O - 9 boomerangs
 R - 6 javelins
 S - 5 atropa-tipped darts
Armour
 g - a +2 ring mail of fire resistance
 v - a +1 cloak (worn)
 B - a +1 pair of boots (worn)
 F - a +2 tower shield of cold resistance (worn)
 J - a +1 plate armour (worn)
 K - a +0 buckler
 P - a +2 helmet of see invisible (worn)
 Z - a +2 pair of gloves of hurling (worn)
Jewellery
 d - a +6 ring of strength (right hand)
 h - a +6 ring of strength (left hand)
 j - a +4 ring of slaying
 q - a ring of flight
 I - an amulet of reflection
 L - an amulet of regeneration (around neck)
 V - a +5 ring of evasion
Wands
 e - a wand of paralysis (7)
 n - a wand of polymorph (22)
 o - a wand of mindburst (8)
 E - a wand of roots (29)
 G - a wand of flame (61)
Scrolls
 i - 7 scrolls of teleportation
 l - 7 scrolls of immolation
 p - 7 scrolls of identify
 r - 5 scrolls of vulnerability
 t - 6 scrolls of fog
 u - 2 scrolls of blinking
 x - 2 scrolls of magic mapping
 y - a scroll of butterflies
 D - a scroll of torment
 U - 4 scrolls of poison
 X - a scroll of enchant weapon
 Y - 6 scrolls of amnesia
Potions
 m - 6 potions of lignification
 s - 4 potions of attraction
 w - 5 potions of magic
 A - 2 potions of resistance
 H - 2 potions of mutation
 M - 3 potions of brilliance
 Q - 3 potions of flight
 T - 2 potions of cancellation


   Skills:
 + Level 16.4 Fighting
 - Level 15.0 Axes
 - Level 5.0 Throwing
 + Level 12.2 Armour
 + Level 7.0 Dodging
 - Level 5.0 Stealth
 - Level 16.1 Shields
 + Level 16.8 Invocations
 - Level 5.0 Evocations


You had 16 spell levels left.
You didn't know any spells.
Your spell library contained the following spells:

 Spells                   Type           Power      Damage    Failure   Level
 Beastly Appendage        Tmut           0%         N/A       97%         1
 Magic Dart               Conj           0%         1d3       97%         1
 Slow                     Hex            0%         N/A       97%         1
 Blink                    Tloc           0%         N/A       99%         2
 Call Imp                 Summ           0%         N/A       99%         2
 Ensorcelled Hibernation  Hex/Ice        0%         N/A       99%         2
 Lesser Beckoning         Tloc           0%         N/A       99%         2
 Momentum Strike          Conj/Tloc      0%         3d8       99%         2
 Passwall                 Tmut/Erth      0%         N/A       99%         2
 Poisonous Vapours        Pois/Air       0%         N/A       99%         2
 Searing Ray              Conj           0%         2d4       99%         2
 Sublimation of Blood     Necr           0%         N/A       99%         2
 Wereblood                Tmut           0%         N/A       99%         2
 Confusing Touch          Hex            0%         N/A       100%        3
 Dazzling Flash           Conj/Hex       0%         N/A       100%        3
 Gell's Gravitas          Tloc           0%         N/A       100%        3
 Inner Flame              Hex/Fire       0%         N/A       100%        3
 Mephitic Cloud           Conj/Pois/Air  0%         N/A       100%        3
 Spider Form              Tmut/Pois      0%         N/A       100%        3
 Summon Guardian Golem    Hex/Summ       0%         N/A       100%        3
 Swiftness                Air            0%         N/A       100%        3
 Teleport Other           Tloc           0%         N/A       100%        3
 Vampiric Draining        Necr           0%         2d6       100%        3
 Vhi's Electric Charge    Tloc/Air       0%         N/A       100%        3
 Anguish                  Hex/Necr       0%         N/A       100%        4
 Flame Wave               Conj/Fire      0%         2d4       100%        4
 Fulminant Prism          Conj/Hex       0%         3d5       100%        4
 Manifold Assault         Tloc           0%         N/A       100%        4
 Olgreb's Toxic Radiance  Pois           0%         N/A       100%        4
 Petrify                  Tmut/Erth      0%         N/A       100%        4
 Sticky Flame             Conj/Fire      0%         2d3       100%        4
 Agony                    Necr           0%         N/A       100%        5
 Alistair's Intoxication  Tmut/Pois      0%         N/A       100%        5
 Arcjolt                  Conj/Air       0%         1d10      100%        5
 Borgnjor's Vile Clutch   Necr/Erth      0%         N/A       100%        5
 Freezing Cloud           Conj/Ice/Air   0%         6-21      100%        5
 Irradiate                Conj/Tmut      0%         3d11      100%        5
 Silence                  Hex/Air        0%         N/A       100%        5
 Eringya's Noxious Bog    Tmut/Pois      0%         N/A       100%        6
 Plasma Beam              Fire/Air       0%         2x1d11    100%        6
 Orb of Destruction       Conj           0%         9d5       100%        7
 Spellforged Servitor     Conj/Summ      0%         N/A       100%        7
 Storm Form               Tmut/Air       0%         N/A       100%        7
 Discord                  Hex            0%         N/A       100%        8
 Ignition                 Fire           0%         3d3       100%        8


Dungeon Overview and Level Annotations

Branches:
Dungeon (15/15)            Temple (1/1) D:6            Lair (5/5) D:8
 Shoals (0/4) Lair:2        Snake (4/4) Lair:2        Slime (0/5) Lair:5
    Orc (2/2) D:11            Elf (0/3) Orc:2        Vaults (0/5) D:14
 Depths (0/4) D:15         Bailey (visited)           IceCv (visited)
Gauntlet (visited)

Altars:
Ashenzari
Cheibriados
Dithmenos
Elyvilon
Fedhas
Gozag
Hepliaklqana
Kikubaaqudgha
Makhleb
Nemelex Xobeh
Okawaru
Qazlal
Ru
Sif Muna
Trog
Uskayaw
Vehumet
Wu Jian
Xom
Yredelemnul
Zin
The Shining One
Beogh
Jiyva

Shops:
D:2 (   D:5 ?!*!*   D:8 *   Orc:2 !(=[   Snake:1 :(

Annotations:
Snake:2 Aizul
Snake:4 Donald


Message History

The splash of poison hits you.
You are poisoned.
You have difficulty breathing.
* * * LOW HITPOINT WARNING * * *
You feel yourself slow down.
* * * LOW HITPOINT WARNING * * *
You feel better.
The naga mage no longer looks unusually toxic.
You block the naga mage's attack. The naga mage spits poison at you.
The splash of poison hits you but does no damage.
You are poisoned.
The naga mage points at you and mumbles some strange words.
The bolt of poison hits you.
You are more poisoned.
* * * LOW HITPOINT WARNING * * *
You feel extremely sick.
You feel very sick.
You begin recalling your allies.
Your orc knight is recalled.
Koronagh is recalled.
Geork is recalled.
Your orc knight is recalled.
You feel very sick.
The naga mage gestures at something while chanting.
The naga mage hits you from afar with a +2 halberd of venom!
* * * LOW HITPOINT WARNING * * *
You are lethally poisoned!
You are confused.
You feel invigorated.
Your orc high priest is recalled.
Beowulf is recalled.
Your orc knight is recalled.
You feel very sick.
The naga mage points at you and mumbles some strange words.
The bolt of poison hits your orc knight!!
Your orc knight is poisoned.
The bolt of poison misses you.
The bolt of poison hits Geork.
Geork is poisoned.
Your orc knight barely misses the naga mage.
Something blocks your orc knight's attack.
The naga mage hits you from afar with a +2 halberd of venom!!
You die...

##.†#. ####).. ############
#...##. #..........# #......
###=.........# #...##.
..#..........# ##...##. #####
##..N.........####....##
...... #......oooo...).......#
.....N##......o@o.########...#
.........#######o## #...#
.....@(((@..N.N.N# #...#
...(.(############ #...# .....
#.### .... #.# ..N .# .. .


You could see 2 naga magi, 3 friendly orc knights, the friendly Beowulf the orc
knight, the friendly Geork the orc knight (poisoned), the friendly Koronagh the
orc knight and a friendly orc high priest.

Vanquished Creatures
  Vashnia (Snake:2)
  Saint Roka (Orc:2)
  Rupert (D:15)
  2 nagarajas
  An emperor scorpion (D:15)
  A reaper (IceCv)
  Snorg (Lair:4)
  A rakshasa (D:14)
  The ghost of RascalDebosk the Fighter, a journeyman DjCj of Ashenzari (D:10)
  7 hydras
  A salamander tyrant (Snake:4)
  7 two-headed ogres
  2 alligator snapping turtles (Snake:2)
  7 centaur warriors
  7 anacondas
  A death knight (D:14)
  An ogre mage (D:15)
  2 boulder beetles
  2 death yaks (Lair:1)
  A tengu warrior (D:15)
  An alligator (Snake:2)
  A catoblepas (D:13)
  3 naga warriors
  An orc high priest (Orc:2)
  6 shock serpents
  11 naga sharpshooters
  A skyshark (Lair:3)
  2 salamander mystics (Snake:4)
  A sea snake (Snake:2)
  3 goliath frogs (Snake:2)
  2 naga ritualists
  3 orc sorcerers
  5 ugly things
  7 mana vipers
  4 cyclopes
  6 salamanders
  2 oklob plants (Lair:4)
  A wolf spider (Lair:5)
  A manticore (D:15)
  34 black mambas
  3 elephants (Lair:5)
  7 guardian serpents
  5 naga magi
  2 ice statues (IceCv)
  8 cane toads
  3 unseen horrors
  6 rime drakes
  A yaktaur (D:15)
  9 ice devils
  4 efreet
  2 freezing wraiths
  11 komodo dragons
  A polar bear (Lair:5)
  3 trolls
  4 hornets
  5 blink frogs (Lair:3)
  10 dream sheep
  7 slime creatures
  3 snapping turtles
  A vampire (D:9)
  2 wraiths
  A spriggan (shapeshifter) (D:15)
  Sigmund (D:3)
  9 wyverns
  3 shadows
  32 yaks
  Eustachio (D:6)
  A dire elephant simulacrum (IceCv)
  3 redbacks (Lair:5)
  8 vampire mosquitoes
  2 wargs
  Menkaure (D:7)
  21 nagas
  20 water moccasins
  An acid dragon (D:11)
  A floating eye (Lair:4)
  2 orc warriors (Orc:2)
  3 sky beasts
  3 black bears
  An ice beast (D:7)
  6 ogres
  A wolf (Lair:1)
  19 centaurs
  4 phantoms
  2 kobold brigands
  11 bullfrogs
  2 cane toad simulacra (IceCv)
  2 scorpions
  2 two-headed ogre simulacra (IceCv)
  2 wights
  2 elephant simulacra (IceCv)
  6 killer bees
  3 electric eels
  4 howler monkeys (D:11)
  2 lava snakes (D:11)
  5 hounds
  2 jellies
  7 orc priests
  4 iguanas (D:5)
  A sleepcap (D:6)
  Terence (D:3)
  12 orc wizards
  Natasha (thrice) (D:2)
  3 polar bear simulacra (IceCv)
  2 spriggan simulacra (IceCv)
  A troll simulacrum (IceCv)
  A scorpion simulacrum (D:3)
  15 gnolls
  6 adders
  A naga simulacrum (IceCv)
  2 white imps (IceCv)
  3 ufetubi
  A worm (D:2)
  16 orcs
  4 bats (D:1)
  9 endoplasms
  5 giant cockroaches
  11 goblins
  12 hobgoblins
  2 jackals (D:1)
  2 quokkas
  5 ball pythons
  2 frilled lizards (D:2)
  15 kobolds
  4 rats
579 creatures vanquished.

Vanquished Creatures (collateral kills)
  Kirke (D:13)
  A storm dragon (D:14)
  The ghost of Jaliuk the Eclecticist, a journeyman DECj of Vehumet (D:14)
  4 boulder beetles
  2 centaur warriors
  3 death yaks (Lair:1)
  2 dancing weapons (D:14)
  2 two-headed ogres
  A catoblepas (D:14)
  An orc high priest (Orc:1)
  A tengu warrior (D:13)
  A naga ritualist (Snake:3)
  2 deep elf pyromancers
  An oklob plant (Lair:4)
  2 orc sorcerers
  A cyclops (D:14)
  A black mamba (Lair:5)
  4 cane toads
  A gargoyle (D:13)
  A rime drake (Lair:5)
  2 yaktaurs
  An efreet (D:14)
  2 komodo dragons
  A hornet (Lair:5)
  3 trolls
  3 blink frogs (Lair:1)
  A dream sheep (Lair:5)
  5 slime creatures
  5 wyverns
  A basilisk (Lair:1)
  3 hogs (D:13)
  7 yaks
  A wraith (D:10)
  A vampire mosquito (D:11)
  3 water moccasins
  5 orc warriors
  A black bear (Lair:1)
  The ghost of sampeng1 the Trooper, an amateur DrBe of Trog (D:3)
  4 ogres
  2 wolves (Lair:1)
  3 bullfrogs
  A scorpion (D:8)
  6 wights
  A killer bee (D:9)
  An orc priest (Orc:1)
  3 orc wizards
  3 gnolls (Bailey)
  2 hound simulacra (D:3)
  A white imp (D:3)
  11 orcs
  A goblin (D:8)
  A hobgoblin (D:8)
  2 giant cockroach simulacra (D:3)
121 creatures vanquished.

Vanquished Creatures (others)
  A catoblepas (D:15)
  An ogre mage (D:15)
  2 orc knights
  An orc sorcerer (Lair:4)
  A salamander (Snake:4)
  A freezing wraith (D:10)
  A wraith (D:10)
  A vampire mosquito (D:11)
  11 orc warriors
  An ogre (D:15)
  9 orc priests
  12 orc wizards
  An ufetubus (IceCv)
  51 orcs
94 creatures vanquished.

Grand Total: 794 creatures vanquished

Notes
Turn   | Place    | Note
-------+----------+-------------------------------------------
     0 | D:1      | cheesebisquit the Hill Orc Monk began the quest for the
                  | Orb.
     0 | D:1      | Reached XP level 1. HP: 19/19 MP: 1/1
   212 | D:1      | Reached XP level 2. HP: 25/27 MP: 2/2
   616 | D:1      | Reached skill level 5 in Axes
   670 | D:1      | Reached XP level 3. HP: 33/33 MP: 3/3
  1099 | D:2      | Found Miss's Weapon Emporium.
  1493 | D:2      | Noticed Natasha
  1496 | D:2      | Reached XP level 4. HP: 39/41 MP: 4/4
  1506 | D:2      | Killed Natasha
  1559 | D:2      | Noticed Natasha
  1574 | D:2      | Killed Natasha
  1579 | D:2      | Noticed Natasha
  1588 | D:2      | Killed Natasha
  1589 | D:2      | Reached XP level 5. HP: 24/47 MP: 5/5
  1919 | D:3      | Noticed Sigmund
  1966 | D:3      | Killed Sigmund
  1967 | D:3      | Reached skill level 5 in Fighting
  1967 | D:3      | Reached XP level 6. HP: 47/56 MP: 6/6
  2040 | D:3      | Found a sparkling altar of Nemelex Xobeh.
  2041 | D:3      | Noticed Terence
  2051 | D:3      | Killed Terence
  2116 | D:3      | Found a runed translucent gate.
  2117 | D:3      | Found a runed translucent gate.
  2118 | D:3      | Found a runed translucent gate.
  2182 | D:3      | Found a broken altar of Ashenzari.
  2201 | D:3      | Found a faded altar of an unknown god.
  2500 | D:3      | Noticed sampeng1's ghost (amateur DrBe)
  2530 | D:3      | Noticed a water moccasin
  2923 | D:4      | Reached XP level 7. HP: 29/63 MP: 7/7
  3303 | D:4      | Became a worshipper of Beogh the Brigand
  3303 | D:4      | Reached * piety under Beogh
  3303 | D:4      | Reached ** piety under Beogh
  3815 | D:5      | Entered Level 5 of the Dungeon
  3859 | D:5      | Identified the +9 hand axe of Wiklia {protect, Will+ Str+2}
  4231 | D:5      | Found Jurraot's Distillery.
  4231 | D:5      | Found Baecuen's General Store.
  4245 | D:5      | Found Gelajar's Distillery.
  4247 | D:5      | Bought a potion of haste for 130 gold pieces
  4247 | D:5      | Bought a potion of curing for 39 gold pieces
  4247 | D:5      | Bought a potion of heal wounds for 65 gold pieces
  4247 | D:5      | Bought a potion of heal wounds for 65 gold pieces
  4248 | D:5      | Found Juit Bock's General Store.
  4250 | D:5      | Bought a wand of flame (6) for 42 gold pieces
  4250 | D:5      | Bought a scroll of identify for 20 gold pieces
  4354 | D:5      | Reached skill level 10 in Axes
  4435 | D:5      | Found Seecs's Magic Scroll Boutique.
  4464 | D:5      | Found a snail-covered altar of Cheibriados.
  4541 | D:5      | Reached XP level 8. HP: 73/73 MP: 8/8
  4799 | D:5      | Noticed a yak
  4839 | D:5      | Killed a yak
  4970 | D:6      | Found an opulent altar of Gozag.
  4970 | D:6      | Found a glowing silver altar of Zin.
  4991 | D:6      | Found a staircase to the Ecumenical Temple.
  5063 | D:5      | Bought a scroll of identify for 22 gold pieces
  5335 | D:6      | Reached XP level 9. HP: 79/82 MP: 9/9
  5391 | Temple   | Entered the Ecumenical Temple
  5727 | D:6      | Found a burning altar of Makhleb.
  5736 | D:6      | Found a glowing golden altar of the Shining One.
  6027 | D:6      | Noticed Eustachio
  6046 | D:6      | Killed Eustachio
  6047 | D:6      | Reached skill level 1 in Invocations
  6261 | D:7      | Noticed Menkaure
  6276 | D:7      | Killed Menkaure
  6276 | D:7      | Reached *** piety under Beogh
  6517 | D:5      | Bought a scroll of teleportation for 36 gold pieces
  6517 | D:5      | Bought a potion of curing for 36 gold pieces
  7137 | D:5      | Bought a scroll of fear for 40 gold pieces
  7379 | D:8      | Noticed a two-headed ogre
  7388 | D:8      | Killed a two-headed ogre
  7409 | D:8      | Reached XP level 10. HP: 57/93 MP: 13/13
  7438 | D:8      | Paralysed by a hornet for 3 turns
  7450 | D:8      | Reached skill level 5 in Invocations
  7455 | D:8      | Found a flagged portal.
  7482 | D:8      | Reached skill level 10 in Fighting
  7483 | Bailey   | Entered a bailey
  8024 | D:8      | Reached skill level 15 in Axes
  8044 | D:8      | Reached **** piety under Beogh
  8112 | D:8      | Reached skill level 1 in Armour
  8112 | D:8      | Reached skill level 1 in Shields
  8124 | D:8      | Noticed a two-headed ogre
  8129 | D:8      | Killed a two-headed ogre
  8159 | D:8      | Found a white marble altar of Elyvilon.
  8179 | D:8      | Found a staircase to the Lair.
  8218 | D:8      | Found a radiant altar of Vehumet.
  8243 | D:8      | Found Hoetupn's Lightly-Used Armoury.
  8327 | D:8      | Found an iron altar of Okawaru.
  8400 | D:8      | Found a transporter.
  8556 | D:8      | Found a transporter.
  8838 | D:9      | Noticed a boulder beetle
  8850 | D:9      | Killed a boulder beetle
  9136 | D:5      | Bought a scroll of blinking for 82 gold pieces
  9300 | D:9      | Noticed a two-headed ogre
  9307 | D:9      | Killed a two-headed ogre
  9308 | D:9      | Reached XP level 11. HP: 83/102 MP: 16/16
  9599 | D:9      | Gained Boruk as an ally
 10008 | D:10     | Entered Level 10 of the Dungeon
 10532 | D:10     | Found a runed translucent gate.
 10532 | D:10     | Found a runed translucent gate.
 10532 | D:10     | Found a runed translucent gate.
 10536 | D:10     | Noticed RascalDebosk's ghost (journeyman DjCj)
 10652 | D:11     | Reached skill level 1 in Stealth
 10704 | D:10     | Killed RascalDebosk's ghost
 11081 | D:3      | Killed sampeng1's ghost
 11311 | D:11     | Reached ***** piety under Beogh
 11319 | D:11     | Reached skill level 5 in Armour
 11319 | D:11     | Reached skill level 5 in Shields
 11366 | D:11     | Found a staircase to the Orcish Mines.
 11605 | D:11     | Noticed a two-headed ogre
 11612 | D:11     | Killed a two-headed ogre
 11721 | D:11     | Gained Learuk as an ally
 12307 | D:11     | Reached XP level 12. HP: 94/95 MP: 19/19
 12474 | D:12     | Found a gate leading to a gauntlet.
 12493 | Gauntlet | Entered a Gauntlet
 12493 | Gauntlet | Found a transporter.
 12506 | Gauntlet | Found a transporter.
 12510 | Gauntlet | Found a transporter.
 12518 | Gauntlet | Found a transporter.
 12522 | Gauntlet | Found a transporter.
 12530 | Gauntlet | Found a transporter.
 12534 | Gauntlet | Found a transporter.
 12538 | Gauntlet | Found a runed translucent door.
 12539 | Gauntlet | Found a runed translucent door.
 12542 | Gauntlet | Found a transporter.
 12544 | Gauntlet | Found the amulet of the Four Winds {rN+ Will+++ Clar}
 12546 | Gauntlet | Found a transporter.
 12555 | Gauntlet | Found a transporter.
 12585 | Gauntlet | Found a transporter.
 12597 | Gauntlet | Found a transporter.
 12610 | Gauntlet | Found a transporter.
 12622 | Gauntlet | Found a transporter.
 12906 | D:12     | Noticed a boulder beetle
 12957 | D:12     | Killed a boulder beetle
 13426 | D:12     | Reached skill level 10 in Invocations
 14164 | D:14     | Noticed a rakshasa
 14164 | D:14     | Noticed a centaur warrior
 14193 | D:14     | Killed a centaur warrior
 14210 | D:14     | Killed a rakshasa
 14231 | D:14     | Reached skill level 5 in Dodging
 14419 | D:14     | Reached skill level 5 in Stealth
 14446 | D:14     | Identified the +2 war axe "Eraruruj" {drain, Str-2 Int+5}
 14605 | D:14     | Noticed a death knight
 14615 | D:14     | Killed a death knight
 14654 | D:14     | Found a gate to the Vaults.
 14698 | D:14     | Noticed a boulder beetle
 14698 | D:14     | Noticed Jaliuk's ghost (journeyman DECj)
 14698 | D:14     | Noticed a centaur warrior
 14700 | D:14     | Noticed a storm dragon
 14712 | D:14     | Noticed a catoblepas
 14716 | D:14     | Killed a catoblepas
 14820 | D:14     | Found a runed translucent gate.
 14820 | D:14     | Found a runed translucent gate.
 14929 | D:13     | Noticed a two-headed ogre
 15029 | D:13     | Noticed a boulder beetle
 15031 | D:13     | Noticed a death knight
 15044 | D:13     | Killed a boulder beetle
 15049 | D:13     | Your ally Learuk died
 15054 | D:13     | Reached XP level 13. HP: 109/122 MP: 21/21
 15185 | D:13     | Noticed Kirke
 15197 | D:13     | Killed Kirke
 16386 | Lair:1   | Entered Level 1 of the Lair of Beasts
 16599 | Lair:1   | Reached skill level 1 in Evocations
 16603 | Lair:1   | Reached skill level 1 in Throwing
 16605 | Lair:1   | Gained Koronagh as an ally
 16705 | Lair:1   | Found a blossoming altar of Fedhas.
 16780 | Lair:1   | Found a frozen archway.
 16798 | Lair:1   | Gained Orbeogh as an ally
 16826 | IceCv    | Entered an ice cave
 17285 | IceCv    | Reached ****** piety under Beogh
 17716 | IceCv    | Noticed a reaper
 17730 | IceCv    | Killed a reaper
 18623 | D:14     | Found a runed translucent gate.
 18713 | D:14     | Found a broken altar of Ashenzari.
 19419 | D:15     | Entered Level 15 of the Dungeon
 19738 | D:15     | Found an opulent altar of Gozag.
 19871 | D:15     | Noticed Rupert
 19886 | D:15     | Killed Rupert
 19924 | D:15     | Gained Oruk as an ally
 19925 | D:15     | Reached XP level 14. HP: 129/133 MP: 23/23
 19995 | D:15     | Noticed an emperor scorpion
 20003 | D:15     | Noticed a dire elephant
 20034 | D:15     | Your ally Oruk died
 20306 | D:15     | Killed an emperor scorpion
 20572 | D:15     | Found a staircase to the Depths.
 20949 | D:15     | Reached skill level 10 in Shields
 21749 | Lair:2   | Found a staircase to the Shoals.
 22060 | Lair:2   | Found a staircase to the Snake Pit.
 24274 | Lair:4   | Noticed Snorg
 24291 | Lair:4   | Killed Snorg
 24292 | Lair:4   | Reached XP level 15. HP: 78/139 MP: 24/24
 24494 | Lair:4   | Paralysed by a floating eye for 4 turns
 24716 | Lair:5   | Entered Level 5 of the Lair of Beasts
 24835 | Lair:5   | Found a viscous altar of Jiyva.
 24835 | Lair:5   | Found a staircase to the Slime Pits.
 24993 | Lair:5   | Reached skill level 15 in Shields
 25305 | Lair:5   | Gained Milork as an ally
 25328 | Lair:5   | Your ally Milork died
 25453 | Lair:5   | Gained Geork as an ally
 26157 | D:14     | Killed a storm dragon
 26161 | D:14     | Killed Jaliuk's ghost
 26163 | D:14     | Gained Urtork as an ally
 26164 | D:14     | Your ally Orbeogh died
 26461 | Lair:4   | Reached skill level 5 in Evocations
 27022 | Orc:1    | Entered Level 1 of the Orcish Mines
 27349 | Orc:2    | Entered Level 2 of the Orcish Mines
 27366 | Orc:2    | Found a roughly hewn altar of Beogh.
 27582 | Orc:2    | Reached skill level 10 in Armour
 27601 | Orc:2    | Found a staircase to the Elven Halls.
 27812 | Orc:1    | Gained Beowulf as an ally
 28161 | Orc:2    | Found a roughly hewn altar of Beogh.
 28165 | Orc:2    | Found Noxkok's Jewellery Emporium.
 28178 | Orc:2    | Bought a +6 ring of strength for 396 gold pieces
 28247 | Orc:2    | Found a roughly hewn altar of Beogh.
 28251 | Orc:2    | Found Isucvuac's Distillery.
 28264 | Orc:2    | Bought a potion of curing for 36 gold pieces
 28264 | Orc:2    | Bought a potion of haste for 120 gold pieces
 28302 | Orc:2    | Found a roughly hewn altar of Beogh.
 28452 | Orc:2    | Found a roughly hewn altar of Beogh.
 28497 | Orc:2    | Found Icwudwo's Antique Armour Shop.
 28498 | Orc:2    | Found a roughly hewn altar of Beogh.
 28498 | Orc:2    | Noticed Saint Roka
 28508 | Orc:2    | Found Waas's Antique Weapon Boutique.
 28515 | Orc:2    | Killed Saint Roka
 29714 | Snake:1  | Entered Level 1 of the Snake Pit
 30190 | Snake:1  | Reached skill level 15 in Fighting
 30563 | Snake:1  | Found Ilaisch's Weapon Shop.
 30641 | Snake:1  | Found Vyxuirph's Vocational Training.
 30653 | Snake:1  | Reached XP level 16. HP: 143/149 MP: 26/26
 30661 | Snake:1  | You fall into a shaft and drop 1 floor!
 30977 | Snake:1  | Bought a manual of Invocations for 960 gold pieces
 31188 | Snake:2  | Noticed Vashnia
 32149 | Snake:2  | Reached skill level 5 in Throwing
 32635 | Snake:2  | Killed Vashnia
 32636 | Snake:2  | Reached skill level 15 in Invocations
 32897 | Snake:2  | Noticed Aizul
 34217 | Snake:3  | Noticed a nagaraja
 34240 | Snake:3  | Killed a nagaraja
 34875 | Snake:4  | Entered Level 4 of the Snake Pit
 34888 | Snake:4  | Noticed a nagaraja
 34907 | Snake:4  | Killed a nagaraja
 35701 | Snake:4  | Reached XP level 17. HP: 58/159 MP: 29/29
 35815 | Snake:4  | Noticed Donald
 35857 | Snake:4  | HP: 7/159 [naga mage/+2 halberd of venom (7)]
 35858 | Snake:4  | Mangled by a naga mage

Illustrated notes

Levels and vault maps discovered:
D:1:      heliophobic_arrival_ceremonial_halls, layout_loops_ring,
          grunt_decor_cap, hangedman_decor_growths, grunt_decor_one_mirror
D:2:      layout_basic, serial_shops, shop_statue, st_stairs_7,
          minmay_tree_intersection, minmay_tripent, uniq_natasha
D:3:      layout_basic, nemelex_altar_shiori,
          mainiacjoe_overflow_small_starburst, gammafunk_ghost_icy,
          basic_ecumenical_altar, lightli_corner_chamber, uniq_terence,
          uniq_sigmund
D:4:      layout_loops_ring, grunt_ministairs_13,
          amcnicky_mini_rare_corridor_liquid
D:5:      layout_loops_cross, lemuel_tele_altar, serial_shops, shop,
          minmay_shop_grid_forest, grunt_tough_drop
D:6:      layout_basic, grunt_temple_overflow_gold_and_silver,
          mainiacjoe_overflow_swirl, temple_pool_b, hangedman_decor_points,
          serial_park_tiny_pond, minmay_curled_crystal,
          kennysheep_generic_room_8, uniq_eustachio
D:7:      layout_rooms, uniq_menkaure
D:8:      layout_cave_pools, lemuel_coloured_pillars_altar, vehumet_crystals,
          nicolae_overflow_crystal_walls, due_lair_maze_entry_diamond,
          enter_bailey_4, serial_bayou_ford_a, chequers_serial_rivers_small_a,
          minmay_shop_damaged, nicolae_diode_stairs
D:9:      layout_gridville, serial_rivers, chequers_serial_rivers_small_a,
          chequers_serial_rivers_micro_b, chequers_serial_rivers_small_b,
          chequers_serial_rivers_room_b
D:10:     layout_roguey, gammafunk_ghost_spectres
D:11:     nrook_guardian_serpent_snake_passage, layout_rooms,
          nicolae_lava_and_water, centaur_isle
D:12:     layout_stronghold, gauntlet_entry_generic
D:13:     layout_grid_maze, onia_ninara_dug_in_and_dangerous, uniq_kirke
D:14:     layout_roguey, erik_vaults_1, cheibrodos_ashenzari_chains,
          serial_aquarium, aquarium_bridge_square [aquarium_subvault_bridge,
          aquarium_subvault_bridge, aquarium_subvault_wall,
          aquarium_subvault_bridge], aquarium_window_fake, aquarium_window_fake,
          aquarium_view_2b, aquarium_balcony_5b, gammafunk_ghost_split
D:15:     hangedman_depths_entry_try_elsewhere_first, layout_irregular_city,
          grunt_gozag_statues, kennysheep_kite_vault, uniq_rupert
Temple:   nicolae_temple_hex_pool
Lair:1:   layout_big_grid, basic_altar, portal_ice_cave_demonic_guard
Lair:2:   layout_loops_ring, minmay_shoals_entry_hut, nicolae_snake_entry_squirm
Lair:3:   layout_hall_layers, beast_lair_carwin_7, lemuel_fruit_fields
Lair:4:   layout_regular_city, chequers_serial_rivers_small_b, disabler_island,
          uniq_snorg
Lair:5:   hangedman_lair_tendril_chambers, layout_regular_city,
          dpeg_slime_entry_enclosed
Snake:1:  layout_layer_cave, nicolae_shop_vocational, grunt_megastairs_4,
          minmay_shop_star
Snake:2:  layout_onion, nicolae_snake_herptile_family_reunion, uniq_vashnia,
          uniq_aizul
Snake:3:  layout_rooms
Snake:4:  grunt_snake_rune_pools, layout_rooms, serial_bayou_shore_b,
          uniq_donald
Orc:1:    layout_caves, mines4_lemuel
Orc:2:    grunt_orc_community_town_hall, layout_diamond_mine,
          grunt_orc_community_big_house_1, grunt_orc_community_big_house_2,
          grunt_orc_community_house_2, grunt_orc_community_house_1,
          grunt_orc_community_house_1, grunt_orc_community_house_2, mines1_david

Skill      XL: |  1  2  3  4  5  6  7  8  9 10 11 12 13 14 15 16 |
---------------+-------------------------------------------------+-----
Fighting       | 4 5 6 7 8 9 11 12 13 14 15 16 | 16.4
Axes           | 5 6 7 8 10 12 14 15 | 15.0
Invocations    | 4 7 9 11 12 13 16 | 16.8
Armour         | 3 6 8 9 10 12 | 12.2
Shields        | 3 5 7 14 16 | 16.1
Stealth        | 3 5 |  5.0
Dodging        | 4 5 7 |  7.0
Evocations     | 3 5 |  5.0
Throwing       | 2 4 5 |  5.0

Action                     |  1- 3 |  4- 6 |  7- 9 | 10-12 | 13-15 | 16-18 || total
---------------------------+-------+-------+-------+-------+-------+-------++-------
  Melee: Hand axe          |   121 |   128 |   215 |   559 |  1363 |   775 ||  3161
         Unarmed           |       |     2 |       |       |       |       ||     2
         Morningstar       |       |       |       |       |    60 |       ||    60
  Throw: Dart              |       |       |     1 |    41 |    50 |    20 ||   112
         Boomerang         |       |       |       |     1 |       |       ||     1
 Invoke: Convert to Beogh  |       |       |     1 |       |       |       ||     1
         Smiting           |       |       |     2 |       |    10 |    30 ||    42
         Recall Orcish Fol |       |       |       |    10 |     9 |     1 ||    20
         Give Item to Name |       |       |       |       |     5 |       ||     5
  Evoke: Wand              |       |       |       |     8 |       |       ||     8
    Use: Potion            |       |     3 |     2 |    10 |    28 |    14 ||    57
         Scroll            |       |       |    11 |    13 |    11 |     7 ||    42
   Stab: Distracted        |       |       |       |     2 |     8 |     2 ||    12
         Invisible         |       |       |       |       |    17 |       ||    17
         Petrified         |       |       |       |       |     3 |       ||     3
 Armour: Ring mail         |    38 |    38 |    56 |       |       |       ||   132
         Robe              |     1 |       |       |       |       |       ||     1
         Plate armour      |       |       |    38 |   229 |   518 |   200 ||   985
  Dodge: Dodged            |    67 |    72 |    83 |   185 |   439 |   116 ||   962
  Block: Buckler           |       |       |    11 |   108 |    46 |       ||   165
         Orb               |       |       |     3 |       |       |       ||     3
         Tower shield      |       |       |       |       |   963 |   609 ||  1572
